 Dungeon Crawl Stone Soup version 0.29.0-13-gc9e81de378 (webtiles) character file.

Game seed: 8613459434886803947

439 Pooter the Shooter (level 6, -6/52 HPs)
             Began as a Minotaur Hunter on Sept 8, 2022.
             Was a Priest of Kikubaaqudgha.
             Killed by nerve-wracking pain
             ... invoked by an orc priest
              (9 damage)
             ... on level 5 of the Dungeon.
             The game lasted 00:27:56 (4519 turns).

Pooter the Shooter (Minotaur Hunter)                Turns: 4519, Time: 00:27:57

Health: -6/52      AC:  4    Str: 17    XL:     6   Next: 70%
Magic:  7/7        EV: 12    Int:  6    God:    Kikubaaqudgha [***...]
Gold:   118        SH:  0    Dex: 14    Spells: 6/7 levels left

rFire   . . .      SeeInvis .   a - +0 broad axe
rCold   + . .      Faith    .   (no shield)
rNeg    . . .      Spirit   .   c - +1 leather armour
rPois   .          Reflect  .   (helmet restricted)
rElec   .          Harm     .   (no cloak)
rCorr   .          Rampage  .   (no gloves)
Will    .....                   (no boots)
Stlth   +.........              m - amulet of magic regeneration
HPRegen 0.17/turn               I - ring of protection from cold
MPRegen 0.50/turn               (no ring)

@: mighty
A: horns 2, retaliatory headbutt
a: Renounce Religion, Unearth Wretches


You were on level 5 of the Dungeon.
You worshipped Kikubaaqudgha.
Kikubaaqudgha was most pleased with you.
You visited 1 branch of the dungeon, and saw 6 of its levels.
You also visited: Sewer.

You collected 206 gold pieces.
You spent 88 gold pieces at shops.

Inventory:

Hand Weapons
 a - a +0 broad axe (weapon)
   (You bought it in a shop on level 3 of the Dungeon)
 b - the +4 sling "Newtbane" {freeze, rF+ Stlth+}
   (You found it on level 3 of the Dungeon)

   Any ammunition fired from it freezes those it strikes, dealing additional
   cold damage.
   It can also slow down cold-blooded creatures.
   rF:        It protects you from fire.
   Stlth:     It makes you more stealthy.
 j - a +1 dagger of venom
   (You found it on level 1 of the Dungeon)
 p - a +0 shortbow
 r - a +0 halberd
   (You found it on level 1 of the Dungeon)
 v - a +0 whip
   (You took it off a gnoll on level 1 of the Dungeon)
Missiles
 w - 9 poisoned darts
 Q - 69 stones (quivered)
Armour
 c - a +1 leather armour (worn)
Magical Staves
 B - a staff of death
   (You found it on level 3 of the Dungeon)
Jewellery
 m - an amulet of magic regeneration (around neck)
   (You found it on level 2 of the Dungeon)
 o - an amulet of reflection
   (You found it on level 3 of the Dungeon)
 z - an amulet of regeneration
   (You found it on level 3 of the Dungeon)
 I - a ring of protection from cold (left hand)
   (You found it on level 2 of the Dungeon)
Wands
 D - a wand of charming (9)
   (You found it on level 4 of the Dungeon)
Scrolls
 d - a scroll of brand weapon {unknown}
 f - a scroll of immolation {!r}
 i - 2 scrolls of amnesia {unknown}
 k - a scroll of enchant armour
 n - a scroll of vulnerability {!r}
 s - a scroll of blinking {unknown}
 t - 2 scrolls of teleportation {@r4}
 x - a scroll of fear
 y - a scroll of fog
 A - a scroll of summoning
 C - a scroll of poison {unknown}
Potions
 e - a potion of brilliance
 g - 4 potions of might
 h - a potion of invisibility {unknown}
 l - 2 potions of heal wounds {@q2}
 q - a potion of degeneration {unknown}
 u - a potion of mutation {unknown}


   Skills:
 + Level 4.2 Fighting
 * Level 2.7(2.9) Axes
 - Level 1.5(2.4) Polearms
 * Level 6.5 Ranged Weapons
 - Level 2.1 Dodging
 - Level 0.7 Stealth
 + Level 1.3 Spellcasting
 + Level 1.4 Necromancy


You had 6 spell levels left.
You knew the following spells:

 Your Spells              Type           Power      Damage    Failure   Level
a - Necrotise             Necr           8%         1d4       30%         1

Your spell library contained the following spells:

 Spells                   Type           Power      Damage    Failure   Level
 Sublimation of Blood     Necr           2%         N/A       41%         2
 Gell's Gravitas          Tloc           0%         N/A       85%         3
 Lesser Beckoning         Tloc           0%         N/A       85%         3
 Ozocubu's Armour         Ice            0%         N/A       85%         3
 Teleport Other           Tloc           0%         N/A       85%         3
 Animate Dead             Necr           2%         N/A       96%         4
 Anguish                  Hex/Necr       0%         N/A       99%         4
 Corpse Rot               Necr/Pois/Air  0%         N/A       99%         4
 Agony                    Necr           2%         N/A       100%        5
 Borgnjor's Vile Clutch   Necr/Erth      0%         N/A       100%        5
 Death Channel            Necr           1%         N/A       100%        6
 Simulacrum               Ice/Necr       0%         N/A       100%        6
 Ozocubu's Refrigeration  Ice            0%         4d7       100%        7


Dungeon Overview and Level Annotations

Branches:
Dungeon (6/15)              Sewer (visited)
 Temple: D:4-7

Altars:
Kikubaaqudgha
Nemelex Xobeh
Sif Muna
Yredelemnul

Shops:
D:3 (:([


Innate Abilities, Weirdness & Mutations

You have a pair of horns on your head.
You reflexively headbutt those who attack you in melee.


Message History

You miss something.
You hear some strange, mumbled words.
A magic dart appears from out of thin air!
The magic dart hits you.
The orc priest invokes the aid of Beogh against you.
Something hits you.
You closely miss something. Something barely misses you.
You miss something.
You hear some strange, mumbled words.
A puff of flame appears from out of thin air!
The puff of flame hits you!
* * * LOW HITPOINT WARNING * * *
You hear some strange, mumbled words.
Something tries to affect you, but you resist.
An orc priest comes into view. It is wielding a +0 mace.
You barely miss something. Something hits you but does no damage.
An orc comes into view. It is wielding a +0 dagger.
The orc priest shouts!
You slash the orc priest! You headbutt the orc priest.
You kill the orc priest!
Kikubaaqudgha accepts your kill.
You completely miss something. Something hits you.
* * * LOW HITPOINT WARNING * * *
An orc comes into view. It is wielding a +0 club.
The orc priest mumbles some strange prayers to Beogh against you.
Beogh smites you!
* * * LOW HITPOINT WARNING * * *
Something hits you but does no damage.
The orc shouts!
You closely miss something.
You hear some strange, mumbled words.
A puff of flame appears from out of thin air!
The puff of flame misses you.
Unknown command.
You barely miss something. Something hits you.
* * * LOW HITPOINT WARNING * * *
Something hits you but does no damage.
You miss something. You closely miss the orc. Something hits you.
* * * LOW HITPOINT WARNING * * *
You are electrocuted!
* * * LOW HITPOINT WARNING * * *
The orc hits you but does no damage.
The orc priest invokes the aid of Beogh against you.
Pain shoots through your body!
You die...
Kikubaaqudgha rasps: "You have failed me!
Welcome... death!"

# . #. #.# # #.##..
###### . #....#
.....# ..##..#.#
####.# ).o...##
####.# #..... ..##<#
#o{o##.##.# #.##.#
#..@......# #.##.#
#..###.#### .....#
#....#
#>#############.#.# #
#.# #.......##.#.#.#
#.####.#####.##.....#
#.##..............###
#....#.#####.######
######.#####.#


You could see an orc priest and 2 orcs.

Vanquished Creatures
  A scorpion (D:4)
  2 orc priests
  Jessica (D:2)
  2 orc wizards
  A hell rat (Sewer)
  Robin (D:4)
  5 adders
  A gnoll (D:1)
  3 river rats (Sewer)
  2 worms (D:3)
  3 dart slugs
  10 orcs
  9 ball pythons
  6 bats
  7 endoplasms
  8 giant cockroaches
  14 goblins
  9 hobgoblins
  2 quokkas
  2 frilled lizards (D:3)
  9 kobolds
  15 rats
113 creatures vanquished.

Vanquished Creatures (others)
  A fungus (D:1)
  A plant (D:1)
2 creatures vanquished.

Grand Total: 115 creatures vanquished

Notes
Turn   | Place    | Note
-------+----------+-------------------------------------------
     0 | D:1      | Pooter the Minotaur Hunter began the quest for the Orb.
     0 | D:1      | Reached XP level 1. HP: 18/18 MP: 0/0
   194 | D:1      | Reached XP level 2. HP: 25/25 MP: 1/1
   322 | D:1      | Reached skill level 5 in Ranged Weapons
   338 | D:1      | Reached XP level 3. HP: 23/31 MP: 2/2
   626 | D:1      | Found a faded altar of an unknown god.
   629 | D:1      | Prayed at the altar of an unknown god.
   629 | D:1      | Became a worshipper of Kikubaaqudgha
   629 | D:1      | Reached * piety under Kikubaaqudgha
   629 | D:1      | Received a gift from Kikubaaqudgha
   632 | D:1      | Learned a level 1 spell: Necrotise
  1126 | D:2      | Noticed Jessica
  1134 | D:2      | Killed Jessica
  1135 | D:2      | Reached skill level 1 in Polearms
  1135 | D:2      | Reached XP level 4. HP: 21/38 MP: 3/3
  1753 | D:3      | Found Lide's Weapon Boutique.
  1753 | D:3      | Identified the +4 sling "Newtbane" {freeze, rF+ Stlth+}
  1851 | D:3      | Reached XP level 5. HP: 41/46 MP: 4/4
  2040 | D:3      | Found a sparkling altar of Nemelex Xobeh.
  2048 | D:3      | Found Tiakhal's Antique Weapon Shop.
  2053 | D:3      | Bought a broad axe for 88 gold pieces
  2118 | D:3      | Reached ** piety under Kikubaaqudgha
  2122 | D:3      | Found Otiff's Book Boutique.
  2142 | D:3      | Reached skill level 1 in Necromancy
  2143 | D:3      | Found a glowing drain.
  2152 | Sewer    | Entered a sewer
  2251 | Sewer    | Reached skill level 6 in Ranged Weapons
  2271 | Sewer    | Reached skill level 1 in Axes
  2745 | D:3      | Found Gyelitim's Weapon Boutique.
  2794 | D:3      | You fall into a shaft and drop 3 floors!
  2809 | D:5      | Entered Level 5 of the Dungeon
  2822 | D:4      | Reached skill level 1 in Spellcasting
  2822 | D:4      | Reached XP level 6. HP: 52/52 MP: 6/6
  3771 | D:3      | Found Amafa's Armour Shoppe.
  3968 | D:4      | Noticed Robin
  3974 | D:4      | Killed Robin
  3982 | D:4      | Reached *** piety under Kikubaaqudgha
  3982 | D:4      | Received a gift from Kikubaaqudgha
  4066 | D:4      | Found a basalt altar of Yredelemnul.
  4181 | D:4      | Found a shimmering blue altar of Sif Muna.
  4519 | D:5      | Killed from afar by an orc priest

Illustrated notes

Levels and vault maps discovered:
D:1:      dpeg_arrival_pond, layout_basic,
          shapermc_ecumenical_altar_mp_ritualfount, grunt_decor_clamped,
          minivault_19, minmay_worlds_worst_comb
D:2:      layout_basic, minmay_tall_x, uniq_jessica
D:3:      minmay_door_path, layout_loops_corners, lemuel_round_altar,
          portal_sewer_entry_d, serial_shops, shop_statue, nicolae_shop_crystal,
          nicolae_shop_bloodbath_and_beyond, nicolae_shop_behind_doors,
          shop_statue
D:4:      layout_loops_cross, nicolae_sif_muna_condensation,
          mainiacjoe_overflow_alcove_1, uniq_robin
D:5:      layout_loops_cross, minmay_manual_moon
D:6:      layout_loops_ring, ashenzari_altar_1, cheibriados_altar_1,
          minmay_temple_entry_waves, minivault_14, uniq_edmund, uniq_eustachio,
          uniq_crazy_yiuf_cottage, uniq_duvessa, uniq_blork_the_orc

Skill      XL: |  1  2  3  4  5  6 |
---------------+-------------------+-----
Fighting       | 3 4 |  4.2
Ranged Weapons | 5 6 |  6.5
Polearms       | 1 |  1.5
Necromancy     | 1 |  1.4
Axes           | 1 2 |  2.7
Spellcasting   | 1 |  1.3
Dodging        | |  2.1
Stealth        | |  0.7

Action                   |  1- 3 |  4- 6 || total
-------------------------+-------+-------++-------
Melee: Unarmed           |     7 |       ||     7
       Dagger            |     6 |       ||     6
       Headbutt          |     2 |     7 ||     9
       Halberd           |    10 |     2 ||    12
       Broad axe         |       |    48 ||    48
 Fire: Shortbow          |    90 |    12 ||   102
       Sling             |       |    83 ||    83
 Cast: Necrotise         |       |     3 ||     3
  Use: Scroll            |       |     6 ||     6
       Potion            |       |     5 ||     5
Armor: Leather armour    |    13 |    21 ||    34
Dodge: Dodged            |    37 |    47 ||    84
